 Dungeon Crawl Stone Soup version 0.30-a0-748-ge6a52f7cba (webtiles) character file.

Game seed: 10597831787503442174

24476 cforsyth the Summoner (level 13, 0/84 HPs)
             Began as a Tengu Summoner on Feb 9, 2023.
             Was an Initiate of Gozag.
             Slain by Nessos (8 damage)
             ... on level 3 of the Lair of Beasts.
             The game lasted 00:41:37 (16876 turns).

cforsyth the Summoner (Tengu Summoner)             Turns: 16876, Time: 00:41:37

Health: 0/84       AC:  7    Str: 10    XL:     13   Next: 13%
Magic:  14/28      EV: 21    Int: 29    God:    Gozag
Gold:   1145       SH:  0    Dex: 14    Spells: 9/33 levels left

rFire   + . .      SeeInvis .    B - +5 flail of the Oily God {speed, rPois Will+ Int+3}
rCold   x . .      Faith    .    (no shield)
rNeg    . . .      Spirit   .    a - +1 robe
rPois   +          Reflect  .    (helmet restricted)
rElec   .          Harm     .    d - +2 cloak
rCorr   .          Rampage  .    Y - +0 pair of gloves
Will    +....                    (boots unavailable)
Stlth   ++                       k - amulet of regeneration
HPRegen 1.14/turn                R - +6 ring of intelligence
MPRegen 0.21/turn                V - ring of fire

@: mighty, flying quickly and evasively, hasted, studying Unarmed Combat, very
quick
A: beak, talons 3, nimble flight, screaming 1, devolution 1
a: Renounce Religion, Potion Petition, Call Merchant, Bribe Branch


You were on level 3 of the Lair of Beasts.
You worshipped Gozag.
Gozag was most pleased with you.
You visited 3 branches of the dungeon, and saw 17 of its levels.
You also visited: Volcano.

You collected 2832 gold pieces.
You paid 1687 gold pieces to Gozag.

Inventory:

Hand Weapons
 B - the +5 flail of the Oily God (weapon) {speed, rPois Will+ Int+3}
   (You found it on level 1 of the Lair of Beasts)

   Int:       It affects your intelligence (+3).
   rPois:     It protects you from poison.
   Will:      It increases your willpower.
Armour
 a - a +1 robe (worn)
 d - a +2 cloak (worn)
 Y - a +0 pair of gloves (worn)
Jewellery
 e - a +5 ring of evasion
 k - an amulet of regeneration (around neck)
 q - a ring of willpower
 x - a ring of willpower
 H - an amulet of reflection
 M - a +5 ring of evasion
 P - a ring of poison resistance
 Q - a ring of see invisible
 R - a +6 ring of intelligence (left hand)
 U - a ring of willpower
 V - a ring of fire (right hand)
 X - a ring of magical power
Wands
 A - a wand of digging (11)
 C - a wand of flame (54)
 G - a wand of paralysis (8)
 J - a wand of iceblast (15)
 S - a wand of mindburst (5)
 T - a wand of polymorph (10)
 Z - a wand of acid (4)
Scrolls
 c - a scroll of poison
 f - 4 scrolls of enchant armour
 g - 2 scrolls of vulnerability
 i - 3 scrolls of fear
 l - 8 scrolls of teleportation
 u - a scroll of silence
 y - 5 scrolls of butterflies
 z - 2 scrolls of amnesia
 D - a scroll of fog
 F - a scroll of torment {unknown}
 K - 3 scrolls of immolation
 L - 5 scrolls of enchant weapon
 O - a scroll of noise {unknown}
Potions
 b - a potion of magic
 h - 2 potions of degeneration {unknown}
 j - 8 potions of curing
 m - 3 potions of lignification
 n - 3 potions of flight
 o - 2 potions of haste
 p - 4 potions of might
 r - a potion of attraction {unknown}
 s - 3 potions of mutation
 t - a potion of brilliance {unknown}
 v - 2 potions of cancellation {unknown}
 w - a potion of berserk rage {unknown}
 N - 3 potions of heal wounds {unknown}
 W - a potion of ambrosia


   Skills:
 + Level 10.8 Fighting
 + Level 12.0 Dodging
 - Level 2.0 Stealth
 - Level 10.5 Spellcasting
 - Level 14.1 Summonings


You had 9 spell levels left.
You knew the following spells:

 Your Spells              Type           Power      Damage    Failure   Level
a - Summon Small Mammal   Summ           100%       N/A       0%          1
b - Call Imp              Summ           77%        N/A       0%          2
c - Call Canine Familiar  Summ           77%        N/A       1%          3
d - Summon Guardian Gole  Hex/Summ       54%        N/A       1%          3
e - Summon Lightning Spi  Summ/Air       54%        N/A       1%          4
f - Summon Forest         Summ/Tloc      27%        N/A       5%          5
g - Summon Cactus Giant   Summ           38%        N/A       1%          6

Your spell library contained the following spells:

 Spells                   Type           Power      Damage    Failure   Level
 Animate Armour           Summ/Erth      100%       N/A       1%          4
 Apportation              Tloc           30%        N/A       3%          1
 Kiss of Death            Conj/Necr      60%        2d10      3%          1
 Blink                    Tloc           30%        N/A       5%          2
 Scorch                   Fire           46%        2d7       5%          2
 Confusing Touch          Hex            15%        N/A       11%         3
 Gell's Gravitas          Tloc           15%        N/A       11%         3
 Ignite Poison            Fire/Tmut/Pois 23%        N/A       11%         3
 Inner Flame              Hex/Fire       23%        N/A       11%         3
 Stone Arrow              Conj/Erth      30%        3d8       11%         3
 Teleport Other           Tloc           15%        N/A       11%         3
 Dispel Undead            Necr           15%        3d10      34%         4
 Flame Wave               Conj/Fire      23%        2d8       34%         4
 Sticky Flame             Conj/Fire      23%        2d4       34%         4
 Alistair's Intoxication  Tmut/Pois      10%        N/A       69%         5
 Borgnjor's Vile Clutch   Necr/Erth      7%         N/A       69%         5
 Dispersal                Tloc           7%         N/A       99%         6
 Eringya's Noxious Bog    Tmut/Pois      7%         N/A       99%         6
 Lehudib's Crystal Spear  Conj/Erth      7%         10d3      100%        8


Dungeon Overview and Level Annotations

Branches:
Dungeon (12/15)            Temple (1/1) D:6            Lair (4/5) D:8
  Snake (0/4) Lair:2          Orc (0/2) D:9         Volcano (visited)
  Swamp: Lair:2-3    Shoals: Lair:2-3     Slime: Lair:4-5

Altars:
Ashenzari
Cheibriados
Elyvilon
Fedhas
Gozag
Hepliaklqana
Kikubaaqudgha
Makhleb
Nemelex Xobeh
Okawaru
Qazlal
Ru
Sif Muna
Trog
Uskayaw
Vehumet
Wu Jian
Xom
Yredelemnul
Zin
The Shining One

Shops:
D:3 [   D:10 (   Lair:1 ::

Annotations:
D:3 3 runed translucent doors, cheesebisquit's ghost, amateur DjFE
Temple 2 transporters
Lair:1 2 transporters, Coekuehi's ghost, journeyman MiBe
Lair:3 Nessos


Innate Abilities, Weirdness & Mutations

You have a beak for a mouth.
You have claws for feet.
Your magical nature lets you fly swiftly and evasively.
You occasionally shout uncontrollably at your foes.
You have hidden genetic defects.


Message History

* * * LOW HITPOINT WARNING * * *
It was a potion of might.
You feel very mighty all of a sudden.
You feel sick.
Nessos unwields a +1 longbow of flaming.
It stops flaming.
Nessos hits your lightning spire.
Nessos barely misses your lightning spire.
Nessos hits your lightning spire!
Nessos completely misses your lightning spire.
Your cactus giant hits Nessos with a +0 giant spiked club!
You feel sick.
Nessos wields a +1 longbow of flaming.
It bursts into flame!
Nessos shoots an arrow.
The arrow hits your lightning spire! The arrow burns your lightning spire.
Nessos shoots an arrow.
The arrow hits your lightning spire!
Your lightning spire is destroyed!
Your lightning spire disappears in a puff of smoke!
Unknown command.
You feel sick.
Nessos unwields a +1 longbow of flaming.
It stops flaming.
Nessos hits you but does no damage. Nessos kicks you but does no damage.
Casting: Summon Lightning Spire (dangerous; 1% risk of failure)
Confirm with . or Enter, or press ? or * to list all spells.
You feel sick. Nessos closely misses you. Nessos misses you. Nessos hits you!
* * * LOW HITPOINT WARNING * * *
Nessos barely misses you. Nessos closely misses you.
Nessos completely misses you.
It was a potion of mutation.
You feel extremely strange.
You feel a hidden malignance growing inside you.
You feel less energetic.
You feel the urge to shout.
You feel more energetic.
You feel sick. Nessos hits you.
* * * LOW HITPOINT WARNING * * *
Nessos barely misses you.
Your cactus giant hits Nessos with a +0 giant spiked club!!
Nessos closely misses you. x2; Your warg bites Nessos!
It was a potion of haste.
You feel yourself speed up.
You feel sick.
You are no longer poisoned.
Nessos hits you!
You die...
Your body crumbles into a pile of gold.

............
##.#.####.....(...#.
####....#P##.....#.#.##
.#.........##.....#...##
..#........ #....##.....
.......... #....+......
..P.#.h.. #.....#....+
..##.P.c#####....##P..#.
......C@.........###+.#P
...$....................
...$....................
#..#..##....##.####.#.#.
## ### #.#.##### ## ##
#####


You could see Nessos (fast, ally target), a friendly cactus giant (summoned) and
a friendly warg (summoned).

Vanquished Creatures
  A cane toad (Lair:2)
  An alligator skeleton (Volcano)
  A flying skull (Volcano)
  A naga (Lair:2)
  A hound (D:5)
  A naga skeleton (Volcano)
  3 adders
  A gnoll (D:9)
  A white imp (D:6)
  An orc (D:8)
  A bat (D:3)
  3 endoplasms
  2 giant cockroaches (D:1)
  A goblin (D:2)
  3 hobgoblins
  A quokka (D:2)
  4 kobolds
  A rat (D:1)
28 creatures vanquished.

Vanquished Creatures (collateral kills)
  A two-headed ogre (D:12)
  A boulder beetle (D:7)
  A skeletal warrior (Volcano)
  An anaconda skeleton (Volcano)
  2 ugly things (D:12)
  Maurice (D:11)
  3 elephants (Lair:1)
  A black mamba (Lair:3)
  6 gargoyles
  An unseen horror (D:12)
  A rime drake (Lair:1)
  3 kobold demonologists (D:11)
  3 cane toads
  3 komodo dragons
  Maggie (D:9)
  2 trolls (D:12)
  A hornet (D:9)
  2 harpy skeletons (Volcano)
  A slime creature (D:8)
  2 alligator skeletons (Volcano)
  Sigmund (D:6)
  2 flying skulls (Volcano)
  A wraith (D:10)
  3 shadows
  9 yaks
  A steam dragon (D:8)
  2 basilisks
  Menkaure (D:7)
  5 vampire mosquitoes (D:12)
  5 water moccasins
  An acid dragon (D:12)
  Duvessa (D:7)
  2 sky beasts
  2 orc warriors
  3 ogres
  A centaur (D:9)
  3 phantoms
  9 kobold brigands
  A gnoll sergeant (D:7)
  6 bullfrogs
  A scorpion (D:6)
  A necrophage (D:6)
  5 wights
  Dowan (D:7)
  6 killer bees
  2 electric eels
  6 hounds
  A quasit (D:5)
  A jelly (D:8)
  An orc priest (D:4)
  A gnoll bouda (D:6)
  2 iguanas
  7 orc wizards
  4 naga skeletons (Volcano)
  14 gnolls
  5 adders
  5 white imps
  3 ufetubi
  A worm (D:2)
  A dart slug (D:4)
  31 orcs
  9 endoplasms
  4 goblins
  6 hobgoblins
  4 jackals (D:1)
  A quokka (D:5)
  8 ball pythons
  5 bats
  3 frilled lizards
  50 kobolds
  3 rats
288 creatures vanquished.

Vanquished Creatures (others)
  A boulder beetle (D:11)
  A two-headed ogre (D:8)
  A skeletal warrior (Volcano)
  The ghost of MudFish the Fighter, a novice DrMo of Qazlal (D:6)
  An ugly thing (D:12)
  A cyclops (D:8)
  Joseph (D:8)
  3 hornets (D:8)
  A wraith (D:9)
  2 vampire mosquitoes (D:12)
  A steam dragon (D:8)
  An acid dragon (D:11)
  An orc warrior (D:7)
  A wight (D:9)
  2 gnoll boudas
  2 gnolls
  An adder (D:5)
  2 orcs
  8 demonic plants (D:5)
  8 fungi
  30 plants
  A snaplasher vine (Lair:1)
71 creatures vanquished.

Grand Total: 387 creatures vanquished

Notes
Turn   | Place    | Note
-------+----------+-------------------------------------------
     0 | D:1      | cforsyth the Tengu Summoner began the quest for the Orb.
     0 | D:1      | Reached XP level 1. HP: 10/10 MP: 4/4
   212 | D:1      | Reached skill level 5 in Summonings
   284 | D:1      | Reached XP level 2. HP: 15/15 MP: 6/6
   287 | D:1      | Learned a level 2 spell: Call Imp
   780 | D:1      | Reached XP level 3. HP: 19/19 MP: 4/7
   950 | D:1      | Learned a level 3 spell: Call Canine Familiar
  2087 | D:2      | Reached XP level 4. HP: 17/24 MP: 3/9
  2214 | D:2      | Learned a level 3 spell: Summon Guardian Golem
  2221 | D:3      | You fall into a shaft and drop 1 floor!
  2245 | D:4      | Noticed an ogre
  2323 | D:3      | Found Axzuruugi's Armour Emporium.
  2477 | D:3      | Found a runed translucent gate.
  2554 | D:3      | Reached skill level 6 in Summonings
  2704 | D:3      | Gained mutation: Your magical nature lets you fly swiftly
                  | and evasively. [Tengu growth]
  2704 | D:3      | Reached XP level 5. HP: 28/28 MP: 6/11
  2743 | D:3      | Found a runed translucent gate.
  2743 | D:3      | Found a runed translucent gate.
  2745 | D:3      | Noticed cheesebisquit's ghost (amateur DjFE)
  3008 | D:3      | Noticed a kobold brigand
  3215 | D:4      | Reached XP level 6. HP: 32/32 MP: 9/13
  3405 | D:4      | Reached skill level 7 in Summonings
  3718 | D:4      | Found an iron altar of Okawaru.
  3737 | D:4      | Found a glowing silver altar of Zin.
  3920 | D:5      | Entered Level 5 of the Dungeon
  3942 | D:4      | Reached skill level 5 in Spellcasting
  3942 | D:4      | Reached XP level 7. HP: 36/36 MP: 3/15
  4037 | D:4      | Reached skill level 8 in Summonings
  5087 | D:6      | Found a runed translucent door.
  5101 | D:6      | Reached skill level 9 in Summonings
  5101 | D:6      | Reached XP level 8. HP: 31/41 MP: 10/18
  5106 | D:6      | Learned a level 4 spell: Summon Lightning Spire
  5152 | D:6      | Noticed MudFish's ghost (novice DrMo)
  5335 | D:6      | Noticed Sigmund
  5342 | D:6      | Killed Sigmund
  5453 | D:6      | Found a staircase to the Ecumenical Temple.
  5486 | Temple   | Entered the Ecumenical Temple
  5486 | Temple   | Found a transporter.
  5486 | Temple   | Found a transporter.
  5488 | Temple   | Found a transporter.
  5488 | Temple   | Found a transporter.
  5499 | Temple   | Became a worshipper of Gozag Ym Sagoz the Greedy
  5552 | D:6      | Reached skill level 10 in Summonings
  6442 | D:6      | Killed MudFish's ghost
  6443 | D:6      | Reached skill level 11 in Summonings
  6443 | D:6      | Reached XP level 9. HP: 45/45 MP: 13/21
  6670 | D:7      | Noticed Menkaure
  6711 | D:7      | Killed Menkaure
  6791 | D:7      | Noticed a boulder beetle
  6806 | D:7      | Killed a boulder beetle
  6826 | D:7      | Reached skill level 12 in Summonings
  7169 | D:7      | Noticed Duvessa
  7175 | D:7      | Killed Duvessa
  7192 | D:7      | Noticed Dowan
  7201 | D:7      | Killed Dowan
  7675 | D:7      | Reached XP level 10. HP: 50/50 MP: 16/24
  8035 | D:7      | Found a hide-covered altar of Uskayaw.
  8132 | D:7      | Found a burning altar of Makhleb.
  8132 | D:7      | Noticed an Executioner
  8392 | D:7      | Found an ornate altar of the Wu Jian Council.
  8467 | D:8      | Reached skill level 13 in Summonings
  9056 | D:8      | Found a staircase to the Lair.
  9076 | D:8      | Reached skill level 10 in Spellcasting
  9119 | D:8      | Noticed Joseph
  9137 | D:8      | Killed Joseph
  9450 | D:8      | Noticed a cyclops
  9464 | D:8      | Killed a cyclops
  9465 | D:8      | Reached skill level 14 in Summonings
  9730 | D:8      | Noticed a two-headed ogre
  9739 | D:8      | Killed a two-headed ogre
  9740 | D:8      | Reached XP level 11. HP: 57/57 MP: 19/26
 10677 | D:9      | Reached skill level 5 in Dodging
 10713 | D:9      | Got the Omnibus of Locality and Accelerants
 10720 | D:9      | Learned a level 5 spell: Summon Forest
 10727 | D:9      | Learned a level 6 spell: Summon Cactus Giant
 10781 | D:9      | Noticed Maggie
 10785 | D:9      | Found a staircase to the Orcish Mines.
 10794 | D:9      | Killed Maggie
 11151 | D:10     | Entered Level 10 of the Dungeon
 11596 | D:10     | Found Ken Gudi's Weapon Emporium.
 12402 | D:11     | Noticed Maurice
 12407 | D:11     | Noticed a boulder beetle
 12416 | D:11     | Killed Maurice
 12417 | D:11     | Reached skill level 5 in Fighting
 12421 | D:11     | Killed a boulder beetle
 13498 | D:12     | Noticed a two-headed ogre
 13506 | D:12     | Killed a two-headed ogre
 13638 | D:12     | Noticed a red ugly thing
 13648 | D:12     | Killed a red ugly thing
 13649 | D:12     | Reached XP level 12. HP: 72/72 MP: 22/27
 14586 | Lair:1   | Entered Level 1 of the Lair of Beasts
 14914 | Lair:1   | Found a transporter.
 14917 | Lair:1   | Found a transporter.
 14921 | Lair:1   | Noticed Coekuehi's ghost (journeyman MiBe)
 15153 | Lair:1   | Reached skill level 10 in Dodging
 15601 | Lair:1   | Identified the +5 flail of the Oily God {speed, rPois Will+
                  | Int+3}
 15912 | Lair:2   | Found a staircase to the Snake Pit.
 15965 | Lair:2   | Found a dark tunnel.
 15970 | Volcano  | Entered a volcano
 16150 | Volcano  | Reached skill level 10 in Fighting
 16366 | Volcano  | Reached XP level 13. HP: 83/83 MP: 23/28
 16732 | Lair:2   | You are sucked into a shaft and drop 2 floors!
 16866 | Lair:3   | Noticed Nessos
 16875 | Lair:3   | Gained mutation: You have hidden genetic defects. [potion
                  | of mutation]
 16875 | Lair:3   | Gained mutation: Your magical capacity is low. (-10% MP)
                  | [potion of mutation]
 16875 | Lair:3   | Gained mutation: You occasionally shout uncontrollably at
                  | your foes. [potion of mutation]
 16875 | Lair:3   | Lost mutation: Your magical capacity is low. (-10% MP)
                  | [potion of mutation]
 16876 | Lair:3   | Slain by Nessos

Illustrated notes

Levels and vault maps discovered:
D:1:      scummos_arrival_simple_crosswalls, layout_loops_ring, serial_rivers,
          chequers_serial_rivers_marsh, chequers_serial_rivers_micro_b,
          chequers_serial_rivers_micro_c, chequers_serial_rivers_micro_c,
          chequers_serial_rivers_large_b, chequers_serial_rivers_micro_e
D:2:      layout_basic
D:3:      layout_rooms, serial_shops, nicolae_shop_crystal,
          gammafunk_ghost_nasty_kobolds, chequers_serial_rivers_small_3
D:4:      layout_cave_pools, amethyst_overflow_temple_binary,
          minmay_misc_feat_tiny
D:5:      layout_cave_pools, serial_demonic, serial_demonic_e, serial_demonic_b,
          serial_demonic_f, serial_demonic_b, serial_demonic_f,
          serial_demonic_b, serial_demonic_b, serial_demonic_g,
          serial_demonic_b, serial_demonic_g, nrook_campfire
D:6:      layout_basic, minmay_temple_entry_waves,
          ebering_ghost_reflecting_pool, uniq_sigmund
D:7:      cheibrodos_helix_gallery, layout_loops_ring,
          makhleb_altar_promises_db, lemuel_tele_altar,
          mainiacjoe_overflow_alcove_2, serial_co_window_serial,
          co_window_paths_b, co_window_paths_a, co_window_corner_a,
          co_window_corner_a, co_window_paths_a, co_window_broadway_a,
          co_window_broadway_b, co_window_2corner, co_window_4corner_a,
          glass_columns_c, minivault_25, st_stairs_8,
          hangedman_abyss_or_decor_stabs, uniq_duvessa, uniq_menkaure
D:8:      layout_rooms, david_lair_shrubbed, minmay_manual_mail, uniq_joseph
D:9:      layout_loops_cross, orc_0_dummy, uniq_maggie
D:10:     layout_long_grid, serial_shops, shop
D:11:     layout_basic, uniq_maurice
D:12:     layout_cave_pools, minivault_11, dk_vineyard_2
Temple:   hellmonk_temple_divided_pantheon
Lair:1:   layout_chaotic_city, gammafunk_ghost_hive
Lair:2:   layout_hall_layers, guppyfry_snake_entry_garden, enter_volcano_4,
          eino_small_chamber_without_monster, chequers_serial_rivers_micro_d,
          serial_bayou_shore_a
Lair:3:   layout_regular_city, minmay_shoals_entry_lonely_mermaid,
          lemuel_fruit_tree, uniq_nessos, uniq_sonja
Lair:4:   layout_cave_pods, basic_altar, serial_bayou_shore_b

Skill      XL: |  1  2  3  4  5  6  7  8  9 10 11 12 13 |
---------------+----------------------------------------+-----
Summonings     | 5 6 7 9 11 12 14 | 14.1
Spellcasting   | 3 4 5 6 7 9 10 | 10.5
Fighting       | 2 7 10 | 10.8
Dodging        | 3 8 11 12 | 12.0
Stealth        | |  2.0

Action                     |  1- 3 |  4- 6 |  7- 9 | 10-12 | 13-15 || total
---------------------------+-------+-------+-------+-------+-------++-------
  Melee: Unarmed           |    44 |    32 |    40 |    55 |       ||   171
         Peck              |     9 |     7 |     9 |    16 |       ||    41
         Kick              |    13 |    11 |    12 |    27 |       ||    63
         Punch             |       |     1 |     2 |     3 |       ||     6
         Flail             |       |       |       |    17 |       ||    17
   Cast: Summon Small Mamm |    33 |    28 |    48 |    30 |       ||   139
         Call Imp          |     8 |    11 |    26 |    16 |     1 ||    62
         Call Canine Famil |     6 |    17 |    25 |    38 |     3 ||    89
         Summon Guardian G |       |     2 |    13 |    36 |     2 ||    53
         Summon Lightning  |       |       |     7 |    22 |     2 ||    31
         Summon Cactus Gia |       |       |       |    42 |     6 ||    48
         Summon Forest     |       |       |       |    19 |       ||    19
 Invoke: Call Merchant     |       |       |       |     2 |       ||     2
    Use: Scroll            |       |     1 |     6 |     8 |       ||    15
         Potion            |       |       |       |       |     3 ||     3
   Stab: Distracted        |     1 |       |     1 |     1 |       ||     3
 Armour: Robe              |    15 |    10 |    16 |    26 |     2 ||    69
  Dodge: Dodged            |    49 |    75 |    82 |   197 |    17 ||   420

Table legend: (Time is in decaauts)
 A = Elapsed time spent in this place.
 B = Non-inter-level travel time spent in this place.
 C = Inter-level travel time spent in this place.
 D = Time resting spent in this place.
 E = Time spent auto-exploring this place.
 F = Levels seen in this place.
 G = Mean time per level.
                   A        B        C        D        E       F      G
               +--------+--------+--------+--------+--------+-----+--------+
         Total |  16201 |  15898 |    303 |   1813 |  10822 |  18 |  900.1 |
       Dungeon |  14001 |  13738 |    263 |   1666 |   9388 |  12 | 1166.8 |
        Temple |     25 |     16 |      9 |      0 |      1 |   1 |   25.0 |
          Lair |   1528 |   1498 |     30 |      0 |   1177 |   4 |  382.0 |
       Volcano |    645 |    645 |      0 |    147 |    254 |   1 |  645.0 |
               +--------+--------+--------+--------+--------+-----+--------+

Top non-repeatable levels by time:
     D:8: 1818 daAuts
     D:6: 1660 daAuts
     D:7: 1528 daAuts
    D:11: 1521 daAuts
     D:1: 1249 daAuts
  Lair:1: 1203 daAuts
     D:4: 1016 daAuts
     D:2: 1005 daAuts
    D:12: 944 daAuts
     D:5: 887 daAuts
     D:9: 851 daAuts
     D:3: 775 daAuts
    D:10: 740 daAuts
 Volcano: 645 daAuts
  Lair:2: 190 daAuts
